 Dungeon Crawl Stone Soup version 0.16.2-12-gd0ad4c3 (webtiles) character file.

53 dvd the Chiller (level 3, -6/24 HPs)
             Began as a Merfolk Ice Elementalist on Oct 31, 2015.
             Mangled by a gnoll
             ... wielding a +0 club
              (12 damage)
             ... on level 1 of the Dungeon.
             The game lasted 00:09:17 (1847 turns).

dvd the Chiller (Merfolk Ice Elementalist)          Turns: 1847, Time: 00:09:17

Health: -6/24      AC:  2    Str:  8    XL:     3   Next: 89%
Magic:  4/6        EV: 13    Int: 15    God:
Gold:   75         SH:  0    Dex: 14    Spells: 3 memorised, 1 level left

rFire  . . .     SeeInvis .     (no weapon)
rCold  . . .     Clarity  .     a - +0 robe
rNeg   . . .     SustAb   .     (no shield)
rPois  .         Gourm    .     (no helmet)
rElec  .         Spirit   .     (no cloak)
rCorr  +         Warding  .     (no gloves)
rMut   .         Stasis   .     (no boots)
MR     .....                    g - amulet of resist corrosion
Stlth  ++........               (no ring)
                                (no ring)

@: not resistant to hostile enchantments, unstealthy
A: change form in water, swift swim
a: no special abilities


You were on level 1 of the Dungeon.
You were not hungry.

You visited 1 branch of the dungeon, and saw 2 of its levels.

You collected 75 gold pieces.

Inventory:

Armour
 a - a +0 robe (worn)
Jewellery
 f - an uncursed amulet of stasis
 g - an amulet of resist corrosion (around neck)
Scrolls
 d - a scroll of teleportation {unknown}
 e - 2 scrolls of identify {unknown}
 k - a scroll of recharging {unknown}
Potions
 i - a potion of heal wounds {unknown}
 n - a potion of restore abilities {unknown}
Books
 b - a book of Frost

   Spells                             Type                      Level
   a - Freeze                         Ice                          1
   b - Throw Frost                    Conjuration/Ice              2
   c - Ozocubu's Armour               Charms/Ice                   3
   d - Throw Icicle                   Conjuration/Ice              4
   e - Summon Ice Beast               Ice/Summoning                4
   f - Condensation Shield            Ice                          4
Comestibles
 c - 2 bread rations
 j - a royal jelly
 l - 5 fruits
 m - a beef jerky


   Skills:
 + Level 0.2 Fighting
 + Level 3.1 Dodging
 + Level 2.1 Stealth
 + Level 0.2 Unarmed Combat
 + Level 2.7 Spellcasting
 + Level 0.7 Conjurations
 + Level 0.2 Charms
 + Level 4.1 Ice Magic


You had one spell level left.
You knew the following spells:

 Your Spells              Type           Power        Failure   Level  Hunger
a - Freeze                Ice            ##..         4%          1    #......
b - Throw Frost           Conj/Ice       #.....       12%         2    ##.....
c - Ozocubu's Armour      Chrm/Ice       #.......     30%         3    ###....


Dungeon Overview and Level Annotations

Branches:
Dungeon (2/15)

Altars:


Message History

The gnoll hits you with a club.
* * * LOW HITPOINT WARNING * * *
You see here a dagger.
Casting: Freeze
Confirm with . or Enter, or press ? or * to list all spells.
Aiming: Freeze
Press: ? - help, Shift-Dir - straight line, f - gnoll
Aim: a gnoll, wielding a club You freeze the gnoll.
The gnoll is lightly wounded.
Casting: Freeze
Confirm with . or Enter, or press ? or * to list all spells.
Aiming: Freeze
Press: ? - help, Shift-Dir - straight line, f/p - gnoll
Aim: a gnoll, wielding a club (lightly wounded)
You freeze the gnoll.
The gnoll is severely wounded.
The gnoll hits you with a club!
Ouch! That really hurt!
You die...

######### #.......# #.......####
#### #..........# #...
#.....)....###################...
..........(.....@g....)..........
#..........#################.#...
#..........# #.#... #..........#
#.#... ############ #############
#.#... #...........# #.#...
#.......[...###.####
#...................
#######...........###.####


You could see a gnoll.

Vanquished Creatures
  Terence (D:2)
  An adder (D:1)
  3 giant cockroaches (D:1)
  7 goblins
  A hobgoblin (D:1)
  2 jackals (D:1)
  5 kobolds (D:1)
  4 ball pythons
  2 giant geckos
  2 giant newts (D:1)
  2 rats
30 creatures vanquished.

Notes
Turn   | Place    | Note
--------------------------------------------------------------
     0 | D:1      | dvd, the Merfolk Ice Elementalist, began the quest for the Orb.
     0 | D:1      | Reached XP level 1. HP: 13/13 MP: 3/3
   492 | D:1      | Reached XP level 2. HP: 2/19 MP: 0/4
   893 | D:1      | Learned a level 2 spell: Throw Frost
  1251 | D:1      | Reached skill level 4 in Ice Magic
  1391 | D:1      | Reached XP level 3. HP: 24/24 MP: 3/6
  1472 | D:1      | Learned a level 3 spell: Ozocubu's Armour
  1666 | D:2      | Noticed Terence
  1691 | D:2      | Killed Terence
  1847 | D:1      | Mangled by a gnoll

Action                   || total
-------------------------++-------
Melee: Unarmed           ||    18
 Cast: Freeze            ||    59
       Throw Frost       ||     3
       Ozocubu's Armour  ||     3
 Stab: Sleeping          ||     2
  Eat: Chunk             ||     4
